 Dungeon Crawl Stone Soup version 0.27-a0-679-g77a6b55cf3 (webtiles) character file.

Game seed: 1415128866312277228

16 tonychiu1026 the Skirmisher (level 2, 0/27 HPs)
             Began as a Hill Orc Fighter on Mar 18, 2021.
             Slain by an adder (1 damage)
             ... on level 2 of the Dungeon.
             The game lasted 00:11:11 (1680 turns).

tonychiu1026 the Skirmisher (Hill Orc Fighter)      Turns: 1680, Time: 00:11:12

Health: 0/27       AC:  6    Str: 18    XL:     2   Next: 54%
Magic:  2/2        EV:  7    Int:  8    God:
Gold:   44         SH:  9    Dex: 10    Spells: 1/1 levels left

rFire    . . .     SeeInvis .   a - +0 war axe
rCold    . . .     Faith    .   c - +0 kite shield
rNeg     . . .     Spirit   .   b - +0 scale mail
rPois    .         Reflect  .   (no helmet)
rElec    .         Harm     .   (no cloak)
rCorr    .         Rampage  .   (no gloves)
Will     .....                  (no boots)
Stlth    ..........             (no amulet)
HPRegen  0.09/turn              (no ring)
MPRegen  0.08/turn              (no ring)

@: lethally poisoned (0 -> -1)
A: no striking features
a: no special abilities


You were on level 2 of the Dungeon.
You visited 1 branch of the dungeon, and saw 2 of its levels.

You collected 44 gold pieces.

Inventory:

Hand Weapons
 a - a +0 war axe (weapon)
Armour
 b - a +0 scale mail (worn)
 c - a +0 kite shield (worn)
Potions
 d - a potion of might


   Skills:
 + Level 3.9 Fighting
 + Level 2.9 Axes
 + Level 3.4 Armour
 + Level 3.7 Shields


You had one spell level left.
You didn't know any spells.
Your spell library was empty.

Dungeon Overview and Level Annotations

Branches:
Dungeon (2/15)

Altars:


Message History

You kill the jackal!
An adder comes into view.
The adder hisses angrily.
You see here a jackal corpse.
You see here a quokka corpse.
The adder bites you.
* * * LOW HITPOINT WARNING * * *
You are poisoned.
The adder poisons you!
You feel sick.
You closely miss the adder.
You feel sick. The adder bites you but does no damage.
You block the adder's attack.
Your shield prevents you from hitting the adder.
The adder closely misses you. You block the adder's attack.
You closely miss the adder.
You feel sick. The adder bites you but does no damage. The adder bites you.
* * * LOW HITPOINT WARNING * * *
You miss the adder. The adder barely misses you. x2
You barely miss the adder.
* * * LOW HITPOINT WARNING * * *
You feel sick. The adder bites you but does no damage.
You block the adder's attack. x2
You hit the adder.
The adder is heavily wounded.
The adder closely misses you. You block the adder's attack.
You hit the adder but do no damage.
The adder is heavily wounded.
The adder barely misses you. The adder bites you but does no damage.
You closely miss the adder.
The adder is heavily wounded.
* * * LOW HITPOINT WARNING * * *
You feel sick. You block the adder's attack.
The adder bites you but does no damage.
You miss the adder.
The adder is heavily wounded.
You block the adder's attack. The adder bites you but does no damage.
You hit the adder.
The adder is almost dead.
The adder bites you.
You die...

#.....#...#.#.##...
#.#....##.#.#..#
#....)..<.#...#
####.......#>.###
###)†##..))#....
#....##[.†..#.##
#.##†###.#....#.
#####.#..#
#.##.....
#..@S....#
#.##.#...
#........#
#....####
#........# #..###
#........# #..#
#........# #..#
#........# ..
##########..


You could see an adder.

Vanquished Creatures
  3 goblins (D:2)
  A hobgoblin (D:2)
  3 jackals (D:2)
  A quokka (D:2)
  4 bats
  2 frilled lizards
  A rat (D:2)
15 creatures vanquished.

Vanquished Creatures (others)
  A jackal (D:2)
1 creature vanquished.

Grand Total: 16 creatures vanquished

Notes
Turn   | Place    | Note
-------+----------+-------------------------------------------
     0 | D:1      | tonychiu1026 the Hill Orc Fighter began the quest for the
                  | Orb.
     0 | D:1      | Reached XP level 1. HP: 19/19 MP: 1/1
  1525 | D:2      | Reached XP level 2. HP: 8/27 MP: 2/2
  1678 | D:2      | HP: 1/27 [poisoned by an adder]
  1680 | D:2      | Slain by an adder

Illustrated notes

Levels and vault maps discovered:
D:1:      roderic_chinese_lattice_arrival, layout_basic, minmay_misc_feat_doors
D:2:      layout_rooms

Action                   || total
-------------------------++-------
Melee: War axe           ||    54
Armor: Scale mail        ||    51
Dodge: Dodged            ||    30
Block: Kite shield       ||    49

Table legend: (Time is in decaauts)
 A = Elapsed time spent in this place.
 B = Non-inter-level travel time spent in this place.
 C = Inter-level travel time spent in this place.
 D = Time resting spent in this place.
 E = Time spent auto-exploring this place.
 F = Levels seen in this place.
 G = Mean time per level.
                   A        B        C        D        E       F      G
               +--------+--------+--------+--------+--------+-----+--------+
         Total |   1712 |   1517 |    195 |    800 |      0 |   2 |  856.0 |
       Dungeon |   1712 |   1517 |    195 |    800 |      0 |   2 |  856.0 |
               +--------+--------+--------+--------+--------+-----+--------+

Top non-repeatable levels by time:
     D:1: 1512 daAuts
     D:2: 200 daAuts
